 Dungeon Crawl Stone Soup version 0.31-a0-1002-g8e65716e6e (webtiles) character file.

Game seed: 11472651084050063928

173761 Ge0ff the Earth Mage (level 18, -6/143 HPs)
             Began as a Formicid Hedge Wizard on Nov 9, 2023.
             Was the Champion of Vehumet.
             Mangled by an alligator snapping turtle simulacrum (9 damage)
             ... on level 2 of the Shoals on Nov 10, 2023.
             The game lasted 01:22:22 (42811 turns).

Ge0ff the Earth Mage (Formicid Hedge Wizard)       Turns: 42811, Time: 01:22:23

Health: -6/143     AC: 17    Str: 10    XL:     18   Next: 70%
Magic:  40/45      EV: 13    Int: 28    God:    Vehumet [******]
Gold:   487        SH:  0    Dex: 13    Spells: 10/45 levels left

rFire   . . .        a - staff "Kywar" {Fragile rElec Will+ SInv Earth}
rCold   . . .        (no shield)
rNeg    + . .        J - +5 troll leather armour of the Farmer {Regen+ rCorr}
rPois   +            (helmet unavailable)
rElec   +            Y - +2 cloak {rPois}
rCorr   +            z - +2 pair of gloves {hurl}
SInv    +            t - +0 pair of boots of Mawauhed {Rampage rN+ Str-5 Slay+4}
Will    ++...        u - amulet of faith
Stlth   +            w - +6 ring of intelligence
HPRegen 1.23/turn    Z - ring of magical power {=R}
MPRegen 0.29/turn

%: rampage, faith
@: studying 2 skills, very slow
A: permanent stasis, dig shafts and tunnels, antennae 3, four strong arms
a: Dig, Shaft Self, Renounce Religion


You were on level 2 of the Shoals.
You worshipped Vehumet.
Vehumet was exalted by your worship.
You visited 4 branches of the dungeon, and saw 24 of its levels.
You also visited: Ice Cave.

You collected 2380 gold pieces.
You spent 1893 gold pieces at shops.

Inventory:

Hand Weapons
 B - the +7 rapier of Mirellyfri {distort, *Corrode Int+5 Dex+3 Stlth+}
   (You took it off a kobold brigand on level 5 of the Dungeon)

   Int+5:     It affects your intelligence (+5).
   Dex+3:     It affects your dexterity (+3).
   *Corrode:  It may corrode you when you take damage.
   Stlth+:    It makes you more stealthy.
 G - the +10 long sword of a Thousand Friars {protect, rF+ MP+9 Int+3 Dex+3}
   (You found it on level 5 of the Lair of Beasts)

   Int+3:     It affects your intelligence (+3).
   Dex+3:     It affects your dexterity (+3).
   rF+:       It protects you from fire.
   MP+9:      It affects your magic capacity (+9).
Missiles
 e - 11 javelins
 g - 6 throwing nets {=F}
 v - 3 curare-tipped darts {=F}
 T - 2 silver javelins
 U - 23 boomerangs
Armour
 b - the +4 skin of Zhor {*Englaciate rC+++ SInv}
   (You found it in an ice cave)

   *Englaciate: It radiates cold, occasionally slowing all nearby creatures who
   are not resistant to cold.
   rC+++:     It renders you almost immune to cold.
   SInv:      It lets you see invisible.
 t - the +0 pair of boots of Mawauhed (worn) {Rampage rN+ Str-5 Slay+4}
   (You found it in an ice cave)

   Str-5:     It affects your strength (-5).
   Slay+4:    It affects your accuracy & damage with ranged weapons and melee
   (+4).
   rN+:       It protects you from negative energy.
   Rampage:   It bestows one free step when moving towards enemies.
 x - a scarf of resistance
 z - a +2 pair of gloves of hurling (worn)
 J - the +5 troll leather armour of the Farmer (worn) {Regen+ rCorr}
   (You took it off an ogre mage on level 10 of the Dungeon)

   Regen+:    It increases your rate of health regeneration.
   rCorr:     It protects you from acid and corrosion.
 Q - a +0 kite shield
 Y - a +2 cloak of poison resistance (worn)
Magical Staves
 a - the staff "Kywar" (weapon) {Fragile rElec Will+ SInv Earth}
   (You acquired it on level 15 of the Dungeon)

   [staff of earth]

   Base accuracy: +5 Base damage: 5 Base attack delay: 1.2 This weapon's minimum
   attack delay (0.6) is reached at skill level 12.
   rElec:     It insulates you from electricity.
   Will+:     It increases your willpower.
   SInv:      It lets you see invisible.
   Fragile:   It will be destroyed if unequipped.
   Earth:     It increases the power of your Earth spells.
   It falls into the 'Staves' category.
   It is a weapon for one hand-pair.
Jewellery
 c - a ring of willpower
 h - a +5 ring of evasion
 r - the ring "Arudaol" {Fly rCorr}
   (You bought it in a shop on level 2 of the Orcish Mines)

   [ring of resist corrosion]

   Fly:       It grants you flight.
   rCorr:     It protects you from acid and corrosion.
 u - an amulet of faith (around neck)
 w - a +6 ring of intelligence (left hand)
 H - the ring "Isoamosou" {rElec rCorr Str+6 Stlth-}
   (You acquired it on level 10 of the Dungeon)

   [ring of resist corrosion]

   Str+6:     It affects your strength (+6).
   rElec:     It insulates you from electricity.
   rCorr:     It protects you from acid and corrosion.
   Stlth-:    It makes you less stealthy.
 Z - a ring of magical power (right hand) {=R}
Wands
 d - a wand of digging (3)
 f - a wand of flame (27)
 j - a wand of acid (1)
 k - a wand of iceblast (2)
 p - a wand of paralysis (4)
 s - a wand of mindburst (13)
 P - a wand of polymorph (7)
Scrolls
 i - 6 scrolls of identify
 m - 3 scrolls of revelation
 y - 3 scrolls of immolation
 C - a scroll of poison
 D - 2 scrolls of enchant armour
 E - 6 scrolls of fear
 F - a scroll of fog
 S - a scroll of butterflies
Potions
 o - a potion of ambrosia
 q - 12 potions of curing
 A - 3 potions of attraction
 I - 5 potions of invisibility
 K - 2 potions of magic {!q}
 L - a potion of lignification
 M - 2 potions of might
 N - 3 potions of cancellation {!q}
 R - a potion of resistance
 X - 2 potions of enlightenment
Miscellaneous
 l - a lightning rod (2/4)
 n - a phial of floods
 O - a box of beasts


   Skills:
 - Level 13.0 Fighting
 - Level 0.2 Ranged Weapons
 - Level 6.0 Throwing
 - Level 10.0 Armour
 - Level 4.6 Dodging
 - Level 3.0 Stealth
 + Level 14.4 Spellcasting
 - Level 10.0 Conjurations
 - Level 5.4 Hexes
 - Level 2.0 Summonings
 - Level 0.8 Translocations
 - Level 5.4 Transmutations
 - Level 3.0 Air Magic
 * Level 20.9 Earth Magic
 - Level 3.0 Poison Magic
 - Level 6.6 Evocations


You had 10 spell levels left.
You knew the following spells:

 Your Spells              Type           Power      Damage    Failure   Level
a - Sublimation of Blood  Necr           20%        N/A       4%          2
h - Lee's Rapid Deconstr  Erth           58%        3d27*     0%          5
m - Bombard               Conj/Erth      51%        9d9       1%          6
s - Spellforged Servitor  Conj/Summ      26%        N/A       50%         7
w - Passwall              Tmut/Erth      80%        N/A       1%          2
y - Yara's Violent Unrav  Hex/Tmut       25%        3d11      2%          5
C - Stone Arrow           Conj/Erth      100%       3d13      0%          3
E - Irradiate             Conj/Tmut      29%        3d21      1%          5

Your spell library contained the following spells:

 Spells                   Type           Power      Damage    Failure   Level
 Orb of Destruction       Conj           33%        9d10      12%         7
 Foxfire                  Conj/Fire      100%       2x1d9     1%          1
 Kiss of Death            Conj/Necr      100%       2d13      1%          1
 Magic Dart               Conj           100%       1d8       1%          1
 Slow                     Hex            100%       N/A       1%          1
 Ensorcelled Hibernation  Hex/Ice        70%        N/A       1%          2
 Jinxbite                 Hex            100%       N/A       1%          2
 Static Discharge         Conj/Air       100%       3-8/arc   1%          2
 Wereblood                Tmut           50%        N/A       1%          2
 Confusing Touch          Hex            50%        N/A       1%          3
 Ignite Poison            Fire/Tmut/Pois 36%        N/A       1%          3
 Mephitic Cloud           Conj/Pois/Air  50%        N/A       1%          3
 Animate Armour           Summ/Erth      100%       N/A       1%          4
 Leda's Liquefaction      Hex/Erth       48%        N/A       1%          4
 Call Imp                 Summ           62%        N/A       2%          2
 Cigotuvi's Dreadful Rot  Necr/Pois/Air  62%        N/A       2%          2
 Frozen Ramparts          Ice            40%        1d7       2%          3
 Airstrike                Air            18%        2d(3-19)  2%          4
 Freezing Cloud           Conj/Ice/Air   22%        6-21      4%          5
 Anguish                  Hex/Necr       17%        N/A       11%         4
 Lehudib's Crystal Spear  Conj/Erth      51%        10d12     11%         8
 Summon Lightning Spire   Summ/Air       34%        N/A       12%         4
 Alistair's Intoxication  Tmut/Pois      28%        N/A       16%         5
 Starburst                Conj/Fire      24%        6d8       17%         6
 Metabolic Englaciation   Hex/Ice        17%        N/A       28%         5
 Dispel Undead            Necr           20%        3d11      32%         4
 Plasma Beam              Fire/Air       14%        2x1d25    54%         6
 Simulacrum               Ice/Necr       10%        N/A       99%         6
 Borgnjor's Revivificati  Necr           10%        N/A       100%        8
 Infestation              Necr           10%        N/A       100%        8
 Swiftness                Air            Unusable   N/A       N/A         3
 Blink                    Tloc           Unusable   N/A       N/A         2

Dungeon Overview and Level Annotations

Branches:
Dungeon (15/15) Zot: 24994  Temple (0/1) D:6            Lair (5/5) D:10 Zot: 18678
 Shoals (2/4) Lair:3 Zot: 8715   Snake (0/4) Lair:3        Slime (0/5) Lair:4
    Orc (2/2) D:12 Zot: 8815     Elf (0/3) Orc:2        Vaults (0/5) D:13
 Depths (0/4) D:15          IceCv (visited)

Altars:
Elyvilon
Makhleb
Okawaru
Ru
Sif Muna
Vehumet
The Shining One
Jiyva
Lugonu

Shops:
D:5 ?   D:13 !   Orc:1 [   Orc:2 [=?*[

Portals:
Abyss: D:5


Innate Abilities, Weirdness & Mutations

You cannot be hasted, slowed, berserked, paralysed or teleported.
You can dig through walls and to a lower floor.
You have a pair of large antennae on your head. (SInv)
Your four strong arms can wield two-handed weapons with a shield.


Message History

The blast of rock fragments hits the snapping turtle simulacrum!!
The snapping turtle simulacrum vaporises!
Vehumet accepts your kill.
You feel your power returning.
The blast of rock fragments hits the frost giant!!
The frost giant is heavily wounded.
The blast of rock fragments hits the frost giant!!!
You kill the frost giant!
Vehumet accepts your kill.
You feel your power returning.
You hear a splash.
The blast of rock fragments hits the alligator snapping turtle simulacrum!!
The alligator snapping turtle simulacrum is heavily damaged.
The frost giant is engulfed in freezing vapours.
The frost giant hits you but does no damage.
The alligator snapping turtle simulacrum bites you from afar!!
The frost giant is engulfed in freezing vapours.
The frost giant points at you and mumbles some strange words.
The bolt of cold hits you!!
* * * LOW HITPOINT WARNING * * *
You feel much better.
You are engulfed in freezing vapours.
* * * LOW HITPOINT WARNING * * *
The frost giant gestures at you while chanting.
The bolt of cold hits you!
* * * LOW HITPOINT WARNING * * *
Casting: Lee's Rapid Deconstruction (safe; 0% risk of failure)
Confirm with . or Enter, or press ? or * to list all spells.
Aiming: Lee's Rapid Deconstruction (safe; 0% risk of failure)
Press: ? - help, Dir - move target, f - alligator snapping turtle simulacrum Fragment what (e.g. wall or brittle monster)?: an alligator snapping turtle simulacrum (freezing vapour)
An open translucent gate.
You feel a surge of power!
The alligator snapping turtle simulacrum shatters!!
The alligator snapping turtle simulacrum is severely damaged.
The icy blast hits the alligator snapping turtle simulacrum!
The alligator snapping turtle simulacrum partially resists.
The alligator snapping turtle simulacrum is almost destroyed.
The icy blast hits the merfolk simulacrum!
The merfolk simulacrum partially resists.
The merfolk simulacrum is moderately damaged.
The icy blast hits the frost giant!!
The frost giant partially resists.
The frost giant is severely wounded.
You are engulfed in freezing vapours.
* * * LOW HITPOINT WARNING * * *
The frost giant hits you with a +0 battleaxe of freezing!
* * * LOW HITPOINT WARNING * * *
The frost giant freezes you.
* * * LOW HITPOINT WARNING * * *
The alligator snapping turtle simulacrum bites you from afar!
You die...

≈≈≈≈≈≈≈≈≈≈≈≈≈≈≈≈≈≈≈≈≈≈
≈≈≈≈≈≈≈≈≈≈≈≈≈≈≈≈≈≈≈≈≈≈≈≈
≈≈≈≈≈≈≈≈≈≈≈≈≈≈≈≈≈≈≈≈≈≈≈≈≈≈ ≈≈≈≈≈≈
≈≈~~~~~~≈≈≈≈≈≈≈≈≈≈≈≈≈≈≈≈≈≈≈≈≈≈≈≈≈
≈~~~~~~~~~~~≈≈≈≈≈≈≈≈≈≈≈≈≈≈≈≈≈≈≈≈≈
~~~~~~.~~~~~~~~≈≈≈≈≈≈≈≈≈≈≈≈≈≈≈≈≈≈
~~~.....~~~~~~~~~~~~~≈≈≈≈≈≈≈≈≈≈≈≈
~~........~~~~~Z~~~~~~~~P≈≈≈≈≈≈≈≈
~.........~~~~ZC@°..°~~~~≈≈≈≈≈≈≈≈
..........##''Z##...~~~~~~≈≈≈≈≈≈≈
~~........#~~~~Z#.....~~~P~≈≈≈≈~≈
~~~.......#~ZZ~~#.....[~~~~~≈~~~~
~~~~~...~~#~~Z~~#..PP..P~P~~~~~~~
~~~~~~..~~#~~~~~#......~~~~~~P~P~
~~~~~~~~~~#|[::=#......~~~~~~~~~~
≈~~~≈~~~~~#######......~~~~~~~~~~
≈≈≈≈≈≈≈~~~~~~~.........P..~~~~~~~


You could see a frost giant, 2 alligator snapping turtle simulacra, a merfolk
simulacrum, 3 cyclops simulacra and a kraken simulacrum.

Vanquished Creatures
  Polyphemus (Shoals:2)
  Donald (Orc:2)
  Roxanne (Shoals:1)
  A frost giant (Shoals:2)
  An orc warlord (Orc:1)
  The ghost of MrCrawl the Arsonist, a journeyman DrFE of Vehumet (D:13)
  A merfolk javelineer (Shoals:1)
  An ettin (D:13)
  11 hydras
  Harold (D:11)
  5 catoblepae
  3 rakshasas
  9 centaur warriors
  3 ogre magi
  A satyr (Shoals:2)
  7 boulder beetles
  7 two-headed ogres
  A deep troll shaman (Lair:5)
  Urug (Orc:2)
  A tengu warrior (D:10)
  16 death yaks
  6 orc high priests (Orc:2)
  An occultist (D:15)
  Sonja (D:10)
  7 skysharks
  3 sea snakes
  2 deep elf pyromancers
  An arcanist (D:14)
  2 necromancers
  A mana viper (shapeshifter) (D:15)
  A phantasmal warrior (D:13)
  6 orc knights
  4 orc sorcerers
  11 harpies
  An oklob plant (Lair:1)
  8 fauns
  16 ugly things
  5 cyclopes
  9 manticores
  A salamander (Lair:3)
  5 merfolk sirens
  A guardian serpent (shapeshifter) (D:10)
  11 cane toads
  A torpor snail (D:14)
  A black mamba (shapeshifter) (D:9)
  An ice statue (IceCv)
  15 elephants
  6 black mambas
  15 slime creatures
  A water nymph (Shoals:2)
  A centaur skeleton (D:15)
  2 gargoyles (D:11)
  3 freezing wraiths
  An unseen horror (D:11)
  A rime drake (Lair:5)
  An efreet (D:15)
  12 komodo dragons
  17 ice devils
  A komodo dragon (shapeshifter) (D:13)
  An anaconda simulacrum (IceCv)
  A meliai (shapeshifter) (D:13)
  A queen bee (shapeshifter) (D:15)
  9 trolls
  5 merfolk
  3 wind drakes
  A hornet (shapeshifter) (D:13)
  18 blink frogs
  6 dream sheep (Lair:4)
  3 hornets
  5 snapping turtles
  4 centaur simulacra
  2 vampires (D:11)
  3 water elementals
  A dire elephant simulacrum (IceCv)
  2 wraiths (D:12)
  A shadow (D:11)
  5 wyverns
  6 basilisks
  31 yaks
  A steam dragon (D:8)
  An alligator snapping turtle simulacrum (Shoals:2)
  6 death yak simulacra
  5 harpy simulacra
  2 nagas (Lair:3)
  2 acid dragons
  A hydra simulacrum (IceCv)
  2 wargs (Orc:2)
  11 water moccasins
  2 ice beasts
  5 black bears
  36 orc warriors
  A satyr simulacrum (Shoals:2)
  5 sky beasts
  2 black bears (shapeshifter)
  20 wolves
  9 ogres
  5 centaurs
  A phantom (D:3)
  7 kobold brigands
  12 bullfrogs
  3 gnoll sergeants (D:12)
  A scorpion (D:5)
  A faun simulacrum (Shoals:2)
  5 cane toad simulacra (IceCv)
  3 merfolk simulacra (Shoals:2)
  9 wights
  27 killer bees
  5 elephant simulacra (IceCv)
  A manticore simulacrum (Shoals:2)
  3 snapping turtle simulacra (Shoals:2)
  5 electric eels
  4 howler monkeys
  3 hounds
  3 jellies
  26 orc priests
  2 gnoll boudas
  3 sleepcaps (D:6)
  Ijyb (D:5)
  8 iguanas
  12 orc wizards
  4 polar bear simulacra (IceCv)
  2 spriggan simulacra (IceCv)
  2 wolf simulacra (IceCv)
  10 gnolls
  9 adders
  A naga simulacrum (IceCv)
  A shadow imp (D:6)
  4 white imps
  2 ufetubi (IceCv)
  2 worms (D:4)
  2 dart slugs
  75 orcs
  6 bats
  5 endoplasms
  6 giant cockroaches
  2 goblins
  6 hobgoblins
  2 jackals (D:3)
  5 quokkas
  3 ball pythons
  2 frilled lizards (D:2)
  19 kobolds
  7 rats
802 creatures vanquished.

Vanquished Creatures (collateral kills)
  A gnoll (D:3)
  An endoplasm (D:4)
2 creatures vanquished.

Grand Total: 804 creatures vanquished

Notes
Turn   | Place    | Note
-------+----------+-------------------------------------------
     0 | D:1      | Ge0ff the Formicid Hedge Wizard began the quest for the
                  | Orb.
     0 | D:1      | Reached XP level 1. HP: 13/13 MP: 4/4
    38 | D:1      | Reached skill level 1 in Conjurations
   311 | D:1      | Reached XP level 2. HP: 10/19 MP: 1/6
   362 | D:1      | Learned a level 2 spell: Call Imp
   917 | D:1      | Reached XP level 3. HP: 16/24 MP: 3/7
   998 | D:1      | Learned a level 3 spell: Stone Arrow
  1456 | D:2      | Identified the +1 plate armour "Heoloben" {Int+6 Dex+3}
  1471 | D:2      | Reached skill level 1 in Earth Magic
  1641 | D:2      | Reached XP level 4. HP: 16/30 MP: 0/8
  2458 | D:3      | Reached skill level 2 in Earth Magic
  3005 | D:2      | Reached XP level 5. HP: 12/35 MP: 0/9
  3190 | D:3      | Reached skill level 3 in Earth Magic
  3286 | D:3      | Noticed a phantom
  3303 | D:3      | Killed a phantom
  3304 | D:3      | Reached XP level 6. HP: 20/41 MP: 7/10
  3483 | D:3      | Reached skill level 4 in Earth Magic
  4034 | D:4      | Found a radiant altar of Vehumet.
  4034 | D:4      | Found an iron altar of Okawaru.
  4037 | D:4      | Became a worshipper of Vehumet
  4509 | D:4      | Found a white marble altar of Elyvilon.
  5002 | D:5      | Entered Level 5 of the Dungeon
  5009 | D:5      | Noticed Ijyb
  5025 | D:5      | Killed Ijyb
  5037 | D:5      | Found a one-way gate to the infinite horrors of the Abyss.
  5037 | D:5      | Identified the +7 rapier of Mirellyfri {distort, *Corrode
                  | Int+5 Dex+3 Stlth+}
  5070 | D:5      | Found a large runed translucent door.
  5071 | D:5      | Found a large runed translucent door.
  5073 | D:5      | Found a corrupted altar of Lugonu.
  5124 | D:5      | Reached skill level 1 in Fighting
  5204 | D:5      | Reached XP level 7. HP: 48/48 MP: 0/12
  5376 | D:5      | Found Amnitsun's Magic Scroll Shoppe.
  5380 | D:5      | Bought a scroll of identify for 24 gold pieces
  5380 | D:5      | Bought a scroll of identify for 24 gold pieces
  5380 | D:5      | Bought a scroll of identify for 24 gold pieces
  5380 | D:5      | Bought a scroll of identify for 24 gold pieces
  5380 | D:5      | Bought a scroll of identify for 24 gold pieces
  5380 | D:5      | Bought a scroll of immolation for 48 gold pieces
  5380 | D:5      | Bought a scroll of teleportation for 36 gold pieces
  5383 | D:5      | Identified a scroll of acquirement
  5469 | D:5      | Reached skill level 5 in Earth Magic
  5792 | D:6      | Reached skill level 6 in Earth Magic
  5929 | D:6      | Found a glowing golden altar of the Shining One.
  6020 | D:6      | Reached skill level 7 in Earth Magic
  6070 | D:6      | Found a staircase to the Ecumenical Temple.
  6157 | D:6      | Reached XP level 8. HP: 51/54 MP: 1/14
  6286 | D:6      | Reached skill level 1 in Evocations
  6733 | D:6      | Noticed a yak
  6979 | D:6      | Reached skill level 5 in Spellcasting
  6989 | D:6      | Reached * piety under Vehumet
  6989 | D:6      | Offered knowledge of Foxfire by Vehumet.
  7229 | D:6      | Reached skill level 8 in Earth Magic
  7451 | D:6      | Killed a yak
  7452 | D:6      | Reached XP level 9. HP: 30/59 MP: 6/16
  7736 | D:7      | Reached skill level 5 in Conjurations
  7736 | D:7      | Reached skill level 9 in Earth Magic
  7999 | D:7      | Reached skill level 10 in Earth Magic
  8749 | D:7      | Reached skill level 11 in Earth Magic
  8861 | D:7      | Noticed a hornet
  8866 | D:7      | Killed a hornet
  8867 | D:7      | Reached XP level 10. HP: 65/65 MP: 7/17
  9433 | D:7      | Learned a level 3 spell: Mephitic Cloud
  9682 | D:8      | Reached skill level 1 in Throwing
  9682 | D:8      | Reached skill level 1 in Poison Magic
  9926 | D:7      | Reached skill level 12 in Earth Magic
 10252 | D:8      | Reached skill level 1 in Air Magic
 10717 | D:8      | Offered knowledge of Poisonous Vapours by Vehumet.
 10723 | D:8      | Reached ** piety under Vehumet
 11049 | D:8      | Learned a level 5 spell: Lee's Rapid Deconstruction
 11275 | D:9      | Noticed an orc sorcerer
 11278 | D:9      | Killed an orc sorcerer
 11654 | D:9      | Noticed a manticore
 11689 | D:9      | Killed a manticore
 11690 | D:9      | Reached XP level 11. HP: 75/75 MP: 9/20
 12044 | D:9      | Found a burning altar of Makhleb.
 12443 | D:9      | Noticed a skyshark
 12587 | D:9      | Killed a cyclops
 12802 | D:10     | Identified the of Oneh
 12802 | D:10     | Entered Level 10 of the Dungeon
 12880 | D:10     | Noticed Sonja
 12889 | D:10     | Killed Sonja
 12890 | D:10     | Reached skill level 13 in Earth Magic
 12912 | D:10     | Found a sacrificial altar of Ru.
 12936 | D:10     | Found a staircase to the Lair.
 12942 | D:10     | Noticed an elephant
 12957 | D:10     | Killed an elephant
 12970 | D:10     | Learned a level 6 spell: Bombard
 13088 | D:10     | Noticed a cyclops
 13091 | D:10     | Killed a cyclops
 13098 | D:10     | Noticed a centaur warrior
 13114 | D:10     | Killed a centaur warrior
 13398 | D:10     | Noticed a two-headed ogre
 13401 | D:10     | Killed a two-headed ogre
 13401 | D:10     | Offered knowledge of Momentum Strike by Vehumet.
 13453 | D:10     | Noticed a manticore
 13476 | D:10     | Killed a manticore
 13507 | D:10     | Identified the +5 troll leather armour of the Farmer
                  | {Regen+ rCorr}
 13507 | D:10     | Noticed an ogre mage
 13546 | D:10     | Noticed a tengu warrior
 13560 | D:10     | Killed a tengu warrior
 13561 | D:10     | Reached XP level 12. HP: 58/84 MP: 21/23
 13702 | D:10     | Killed an ogre mage
 13703 | D:10     | Reached skill level 5 in Throwing
 13880 | D:10     | Reached skill level 5 in Fighting
 14001 | D:10     | Noticed a boulder beetle
 14014 | D:10     | Killed a boulder beetle
 14015 | D:10     | Reached skill level 1 in Armour
 14168 | D:10     | Noticed a catoblepas
 14195 | D:10     | Reached *** piety under Vehumet
 14402 | D:10     | Killed a catoblepas
 14403 | D:10     | Reached skill level 14 in Earth Magic
 14552 | D:10     | Noticed an ogre mage
 14557 | D:10     | Killed an ogre mage
 14598 | D:10     | Identified the +0 spear of the Final Decision {spect,
                  | *Noise rPois rCorr Str+5}
 14639 | D:10     | Noticed a two-headed ogre
 14644 | D:10     | Killed a two-headed ogre
 14928 | D:10     | Learned a level 2 spell: Passwall
 15158 | D:10     | Found a staircase to the Lair.
 15322 | D:10     | Found a sacrificial altar of Ru.
 15568 | D:10     | Acquired the ring "Isoamosou" {rElec rCorr Str+6 Stlth-}
 16348 | D:11     | Noticed Harold
 16352 | D:11     | Killed Harold
 16352 | D:11     | Offered knowledge of Volatile Blastmotes by Vehumet.
 16725 | IceCv    | Identified the of Beoz
 16725 | Lair:1   | Entered Level 1 of the Lair of Beasts
 16967 | Lair:1   | Reached XP level 13. HP: 95/95 MP: 15/26
 17181 | Lair:1   | Reached skill level 5 in Armour
 18238 | Lair:1   | Reached skill level 15 in Earth Magic
 18862 | Lair:2   | Noticed a four-headed hydra
 18868 | Lair:2   | Killed a four-headed hydra
 18869 | Lair:2   | Reached skill level 10 in Spellcasting
 19011 | Lair:2   | Noticed an eight-headed hydra
 19016 | Lair:2   | Killed an eight-headed hydra
 19362 | Lair:2   | Reached **** piety under Vehumet
 19522 | Lair:2   | Offered knowledge of Sticky Flame by Vehumet.
 20613 | Lair:3   | Noticed a six-headed hydra
 20624 | Lair:3   | Killed a six-headed hydra
 20928 | Lair:3   | Reached XP level 14. HP: 108/108 MP: 9/28
 21215 | Lair:3   | Reached skill level 16 in Earth Magic
 21508 | Lair:3   | Found a staircase to the Shoals.
 21758 | Lair:3   | Reached ***** piety under Vehumet
 22087 | Lair:3   | Offered knowledge of Brom's Barrelling Boulder by Vehumet.
 22171 | Lair:3   | Found a staircase to the Snake Pit.
 22435 | Lair:4   | Reached skill level 10 in Fighting
 23234 | Lair:4   | Found a viscous altar of Jiyva.
 23240 | Lair:4   | Found a staircase to the Slime Pits.
 24484 | Lair:5   | Entered Level 5 of the Lair of Beasts
 24745 | Lair:5   | Reached skill level 17 in Earth Magic
 25564 | Lair:5   | Identified the +1 ring mail of the Akabeko {rF- rC++ Int+3
                  | Slay+5}
 26160 | Lair:5   | Reached XP level 15. HP: 92/119 MP: 31/31
 26320 | Lair:5   | Identified the +7 rapier "Ethip" {elec, Str+3 Dex-4}
 26913 | Lair:5   | Identified the +10 long sword of a Thousand Friars
                  | {protect, rF+ MP+9 Int+3 Dex+3}
 27346 | Lair:5   | Offered knowledge of Yara's Violent Unravelling by Vehumet.
 27485 | Lair:5   | Learned a level 5 spell: Yara's Violent Unravelling
 28008 | D:5      | Learned a level 5 spell: Irradiate
 28148 | D:11     | Reached skill level 1 in Hexes
 28148 | D:11     | Reached skill level 1 in Transmutations
 28315 | D:12     | Found a frozen archway.
 28376 | IceCv    | Entered an ice cave
 29203 | IceCv    | Found the +4 skin of Zhor {*Englaciate rC+++ SInv}
 29211 | IceCv    | Identified the +0 pair of boots of Mawauhed {Rampage rN+
                  | Str-5 Slay+4}
 29731 | IceCv    | Identified the +6 rapier of Experimentation {flame, Dex+6}
 30021 | IceCv    | Found an ancient bone altar of Kikubaaqudgha.
 30397 | D:12     | Offered knowledge of Conjure Ball Lightning by Vehumet.
 31265 | D:13     | Found a runed translucent gate.
 31268 | D:13     | Noticed MrCrawl's ghost (journeyman DrFE)
 31269 | D:13     | Identified the +1 plate armour of Indomitability {Str+3}
 31326 | D:13     | Found Jusueme's Distillery.
 31335 | D:13     | Bought a potion of experience for 700 gold pieces
 31335 | D:13     | Reached skill level 18 in Earth Magic
 31335 | D:13     | Reached XP level 16. HP: 129/129 MP: 33/33
 31710 | D:13     | Found a runed translucent gate.
 31711 | D:13     | Found a runed translucent gate.
 31758 | D:13     | Reached skill level 5 in Evocations
 32027 | D:13     | Found the +3 hat of Pondering {ponderous, Will+ MP+10
                  | Int+5}
 32058 | D:13     | Reached XP level 17. HP: 135/135 MP: 34/34
 32398 | D:13     | Found a gate to the Vaults.
 32448 | D:13     | Killed MrCrawl's ghost
 33578 | D:14     | Found a transporter.
 33635 | D:14     | Found a transporter.
 34138 | D:14     | Found a shimmering blue altar of Sif Muna.
 34237 | D:15     | Entered Level 15 of the Dungeon
 34255 | D:15     | Acquired the staff "Kywar" {Fragile rElec Will+ SInv Earth}
 34550 | D:15     | Found an iron altar of Okawaru.
 34727 | D:15     | Offered knowledge of Arcjolt by Vehumet.
 35021 | D:15     | Reached skill level 19 in Earth Magic
 35217 | D:15     | Reached skill level 5 in Hexes
 35471 | D:15     | Found a staircase to the Depths.
 36069 | D:12     | Found a staircase to the Orcish Mines.
 36145 | Orc:1    | Entered Level 1 of the Orcish Mines
 36326 | Orc:1    | Found Mujiunt's Armour Shop.
 36329 | Orc:1    | Bought a +1 cloak of poison resistance for 189 gold pieces
 36611 | Orc:2    | Entered Level 2 of the Orcish Mines
 36611 | Orc:2    | Noticed Urug
 36613 | Orc:2    | Killed Urug
 36728 | Orc:1    | Reached skill level 10 in Conjurations
 36868 | Orc:2    | Found a staircase to the Elven Halls.
 37345 | Orc:2    | Noticed Donald
 37354 | Orc:2    | Killed Donald
 37519 | Orc:2    | Reached ****** piety under Vehumet
 37725 | Orc:2    | Reached skill level 5 in Transmutations
 37979 | Orc:2    | Offered knowledge of Spellforged Servitor by Vehumet.
 37980 | Orc:2    | Reached XP level 18. HP: 139/143 MP: 5/35
 39043 | Orc:2    | Found Metzyg's Antique Armour Shop.
 39052 | Orc:2    | Learned a level 7 spell: Spellforged Servitor
 39059 | Orc:2    | Bought a pair of embroidered gloves for 165 gold pieces
 39157 | Orc:2    | Found Jugoysk's Magic Scroll Emporium.
 39157 | Orc:2    | Found Xomaganie's Jewellery Emporium.
 39158 | Orc:2    | Found Geleekad's Armour Emporium.
 39158 | Orc:2    | Found Ydonlozau's General Store.
 39165 | Orc:2    | Bought a scroll of butterflies for 52 gold pieces
 39165 | Orc:2    | Bought a scroll of fear for 52 gold pieces
 39165 | Orc:2    | Bought a scroll of fear for 52 gold pieces
 39165 | Orc:2    | Bought a scroll of fear for 52 gold pieces
 39165 | Orc:2    | Bought a scroll of poison for 52 gold pieces
 39165 | Orc:2    | Bought a scroll of identify for 26 gold pieces
 39174 | Orc:2    | Bought the ring "Arudaol" {Fly rCorr} for 349 gold pieces
 39515 | Lair:3   | Learned a level 2 spell: Sublimation of Blood
 39560 | Shoals:1 | Entered Level 1 of the Shoals
 40208 | Shoals:1 | Identified the granite talisman of Ydweihuo {*Corrode Fly
                  | rF+}
 40208 | Shoals:1 | Noticed Roxanne
 40212 | Shoals:1 | Killed Roxanne
 40213 | Shoals:1 | Reached skill level 20 in Earth Magic
 41051 | Shoals:2 | Noticed Polyphemus
 41247 | Shoals:2 | Killed Polyphemus
 41365 | Shoals:2 | Reached skill level 10 in Armour
 41748 | Shoals:2 | Offered knowledge of Orb of Destruction by Vehumet.
 42252 | Shoals:2 | Found a runed translucent gate.
 42252 | Shoals:2 | Found a runed translucent gate.
 42252 | Shoals:2 | Found a runed translucent gate.
 42811 | Shoals:2 | HP: 7/143 [frost giant/+0 battleaxe of freezing (13)]
 42811 | Shoals:2 | HP: 3/143 [frost giant/+0 battleaxe of freezing (4)]
 42811 | Shoals:2 | Mangled by an alligator snapping turtle simulacrum

Illustrated notes

Levels and vault maps discovered:
D:1:      ncdulo_lavacross, layout_loops_cross
D:2:      layout_loops_ring
D:3:      layout_basic, minivault_19
D:4:      layout_cave_pods, elyvilon_altar_4, mainiacjoe_overflow_divided_tiny
D:5:      due_chaos_kobolds, layout_rooms, serial_shops, nicolae_shop_rolled_up,
          uniq_ijyb
D:6:      minmay_clustersquares, layout_loops_ring, lemuel_doored_altar,
          minmay_temple_entry_antechambers, st_stairs_8
D:7:      layout_layer_cave
D:8:      layout_cave_pools, minivault_21
D:9:      cheibrodos_wizards_tower, layout_cave_pools, lemuel_round_altar,
          grunt_tough_drop
D:10:     minmay_the_grid_square_5x5_4x4 [minmay_the_grid_square_5x5_inner_i,
          minmay_the_grid_square_5x5_almost_minimal,
          minmay_the_grid_square_5x5_shrine2,
          minmay_the_grid_square_5x5_two_walls_b,
          minmay_the_grid_square_5x5_trominoes,
          minmay_the_grid_square_5x5_prize_pseudospiral,
          minmay_the_grid_square_5x5_prize_snowflake,
          minmay_the_grid_square_5x5_c, minmay_the_grid_square_5x5_minimal,
          minmay_the_grid_square_5x5_prize_deathbox,
          minmay_the_grid_square_5x5_prize_open,
          minmay_the_grid_square_5x5_spiral_small,
          minmay_the_grid_square_5x5_two_walls_a,
          minmay_the_grid_square_5x5_meh, minmay_the_grid_square_5x5_percent,
          minmay_the_grid_square_5x5_inverted_slash], layout_irregular_city,
          mainiacjoe_overflow_paths, david_lair_generic, uniq_sonja
D:11:     layout_loops_cross, uniq_harold
D:12:     layout_long_grid, kennysheep_orc_monster_closet_entryway,
          portal_ice_cave_demonic_guard, nicolae_zig_zag_zippers
D:13:     layout_irregular_city, david_vaults_4, serial_shops, shop,
          biasface_ghost_orc_armoury
D:14:     gammafunk_boulding_lane, layout_basic, hangedman_glass_teeth,
          serial_aquarium, aquarium_bridge_straight [aquarium_subvault_bridge,
          aquarium_subvault_wall, aquarium_subvault_bridge,
          aquarium_subvault_wall], aquarium_window_fake, aquarium_window_fake,
          aquarium_window_2, aquarium_view_2d, aquarium_view_2b,
          lemuel_blue_sif_altar
D:15:     grunt_enter_depths_magical_seal, layout_basic,
          okawaru_metal_pillars_1_2
Lair:1:   layout_gridlike, hangedman_lair_generics_rect
Lair:2:   layout_cave_pods
Lair:3:   layout_small_grid, minmay_shoals_entry_lonely_mermaid,
          alex1729_snake_entry_snake, hangedman_lair_unloving_vines,
          grunt_megastairs_2
Lair:4:   layout_small_grid, dpeg_slime_entry_corner, serial_bayou,
          serial_bayou_shore_b, serial_bayou_pond_d, serial_bayou_lake_a,
          serial_bayou_shore_b, serial_bayou_pond_c, serial_bayou_shore_b,
          lemuel_fruit_tree
Lair:5:   grunt_lair_end_beastmaster, layout_cave_pods, serial_bayou_shore_a,
          serial_bayou_shore_b
Shoals:1: layout_shoals, uniq_roxanne
Shoals:2: layout_shoals, nicolae_shoals_beach_cooler, uniq_polyphemus
Orc:1:    layout_diamond_mine, serial_shops, nicolae_shop_behind_doors
Orc:2:    st_orc_pillars, layout_diamond_mine, serial_shops, shop, mines1_david,
          uniq_donald, uniq_urug

Skill      XL: |  1  2  3  4  5  6  7  8  9 10 11 12 13 14 15 16 17 18 |
---------------+-------------------------------------------------------+-----
Conjurations   | 1 2 3 4 6 7 8 9 10 | 10.0
Earth Magic    | 1 2 3 4 7 8 11 12 13 14 15 17 18 19 20 | 20.9
Summonings     | 2 |  2.0
Fighting       | 1 3 4 6 9 11 12 13 | 13.0
Spellcasting   | 4 5 6 7 9 10 12 13 14 | 14.4
Dodging        | 2 3 4 |  4.6
Evocations     | 3 4 5 6 |  6.6
Throwing       | 1 4 6 |  6.0
Poison Magic   | 3 |  3.0
Air Magic      | 2 3 |  3.0
Armour         | 4 7 9 10 | 10.0
Hexes          | 2 3 5 |  5.4
Transmutations | 2 5 |  5.4
Stealth        | 3 |  3.0
Ranged Weapons | |  0.2
Translocations | |  0.8

Action                     |  1- 3 |  4- 6 |  7- 9 | 10-12 | 13-15 | 16-18 || total
---------------------------+-------+-------+-------+-------+-------+-------++-------
  Melee: Dagger            |    42 |    32 |    26 |    28 |       |       ||   128
         Flail             |       |     9 |     2 |       |       |       ||    11
         Punch             |       |     1 |     1 |     3 |     1 |       ||     6
         Staff             |       |       |       |       |    38 |     9 ||    47
         Long sword        |       |       |       |       |     3 |     7 ||    10
  Throw: Dart              |       |       |     3 |     9 |       |       ||    12
         Stone             |       |       |     2 |       |       |       ||     2
         Throwing net      |       |       |       |     2 |       |       ||     2
   Cast: Magic Dart        |    85 |   151 |    42 |    64 |     2 |       ||   344
         Stone Arrow       |       |     5 |    79 |   154 |   114 |    16 ||   368
         Call Imp          |       |     2 |       |       |       |       ||     2
         Lee's Rapid Decon |       |       |       |    30 |    87 |   120 ||   237
         Bombard           |       |       |       |    15 |   222 |   257 ||   494
         Irradiate         |       |       |       |       |     5 |    25 ||    30
         Passwall          |       |       |       |       |       |     1 ||     1
Ability: Dig               |       |       |       |     1 |       |     3 ||     4
  Evoke: Wand              |       |     2 |     1 |    10 |    43 |     2 ||    58
         Lightning rod     |       |       |       |     3 |    16 |     7 ||    26
         Phial of floods   |       |       |       |       |     1 |     1 ||     2
    Use: Potion            |     1 |       |       |       |     1 |     1 ||     3
         Scroll            |       |     4 |     7 |     9 |     6 |    10 ||    36
   Stab: Paralysed         |       |     6 |       |    16 |       |       ||    22
 Armour: Robe              |    37 |    42 |    39 |    53 |       |       ||   171
         Troll leather arm |       |       |       |    18 |   175 |   182 ||   375
  Dodge: Dodged            |    34 |    40 |    33 |    72 |   119 |    97 ||   395

Table legend: (Time is in decaauts)
 A = Elapsed time spent in this place.
 B = Non-inter-level travel time spent in this place.
 C = Inter-level travel time spent in this place.
 D = Time resting spent in this place.
 E = Time spent auto-exploring this place.
 F = Levels seen in this place.
 G = Mean time per level.
                   A        B        C        D        E       F      G
               +--------+--------+--------+--------+--------+-----+--------+
         Total |  43069 |  41144 |   1925 |   5439 |  29688 |  25 | 1722.8 |
       Dungeon |  23440 |  22369 |   1071 |   3298 |  15803 |  15 | 1562.7 |
          Lair |  11321 |  10728 |    593 |    691 |   8613 |   5 | 2264.2 |
        Shoals |   3283 |   3140 |    143 |    278 |   2453 |   2 | 1641.5 |
  Orcish Mines |   3184 |   3067 |    117 |    127 |   2411 |   2 | 1592.0 |
      Ice Cave |   1839 |   1839 |      0 |   1044 |    408 |   1 | 1839.0 |
               +--------+--------+--------+--------+--------+-----+--------+

Top non-repeatable levels by time:
  Lair:5: 2933 daAuts
  Lair:3: 2841 daAuts
    D:10: 2512 daAuts
     D:6: 2195 daAuts
  Lair:4: 2142 daAuts
  Lair:1: 2021 daAuts
     D:7: 1986 daAuts
Shoals:1: 1919 daAuts
     D:9: 1848 daAuts
   IceCv: 1839 daAuts
   Orc:2: 1766 daAuts
    D:15: 1722 daAuts
    D:14: 1608 daAuts
     D:8: 1486 daAuts
    D:13: 1439 daAuts
